AoeStats
← ThebigH19891412

MegaRandom

509823105Analyzed
2v2 RM · 4d ago on Sep 28, 2026· 34m 13s· 4 players
Game mode
Random Map
Map size
Medium (4 player)
Population
200
Speed
Normal
Resources
Standard
Victory
Conquest
Starting age
Dark Age
Ending age
Imperial Age
RankedLock teamsTeams togetherTeam positionsShared explorationLock speedFull tech treeHidden civsTurbo modeCheats
Victory
Defeat
🇦🇷 Khmer · Argentina
668
+11
🇦🇷 Burgundians · Argentina
648
+12
🇦🇺 Vietnamese · Australia
594
-13
🇺🇸 Hindustanis · United States
522
-10
NWI Nutball
20:15 Feudal Age
21:39 Wheelbarrow
21:37 Loom
25:01 Man-at-Arms
25:29 Arson
27:58 Stone Mining
ThebigH19891412
4:34 Loom
20:36 Feudal Age
24:54 Castle Age
25:01 Pikeman
25:42 Squires
25:30 Arson
LAT0XII
14:50 Feudal Age
18:30 Castle Age
29:31 Scale Barding Armor
32:12 Ballistics
32:05 Husbandry
Largartero
5:17 Loom
18:03 Feudal Age
26:57 Horse Collar
27:04 Double-Bit Axe
27:06 Town Watch
31:40 Bow Saw
Connection lost

Rejoining the realm…

Still unreachable

The connection could not be restored.

Session expired

The server has moved on; the page needs a fresh start.